 Dungeon Crawl Stone Soup version 0.28-a0-1374-ga75cb3825e (webtiles) character file.

Game seed: 967119144525226406

4504 dolemite99 the Cleaver (level 10, -6/84 HPs)
             Began as a Minotaur Fighter on Jan 1, 2022.
             Was an Elder of Makhleb.
             Mangled by Grum (19 damage)
             ... on level 8 of the Dungeon.
             The game lasted 00:11:09 (10779 turns).

dolemite99 the Cleaver (Minotaur Fighter)          Turns: 10779, Time: 00:11:11

Health: -6/84      AC: 19    Str: 31    XL:     10   Next: 16%
Magic:  15/15      EV:  7    Int:  5    God:    Makhleb [****..]
Gold:   189        SH:  4    Dex: 10    Spells: 9/9 levels left

rFire   . . .      SeeInvis .   a - +2 broad axe (protect)
rCold   . . .      Faith    .   c - +0 buckler
rNeg    . . .      Spirit   .   q - +0 plate armour
rPois   .          Reflect  .   (helmet restricted)
rElec   .          Harm     .   (no cloak)
rCorr   .          Rampage  .   (no gloves)
Will    .....                   (no boots)
Stlth   ..........              (no amulet)
HPRegen 0.24/turn               s - ring of wizardry
MPRegen 0.14/turn               G - +6 ring of strength

@: under a protective aura
A: horns 2, retaliatory headbutt
a: Renounce Religion, Minor Destruction, Lesser Servant of Makhleb, Major
Destruction


You were on level 8 of the Dungeon.
You worshipped Makhleb.
Makhleb was greatly pleased with you.
You visited 2 branches of the dungeon, and saw 9 of its levels.

You collected 478 gold pieces.
You spent 289 gold pieces at shops.

Inventory:

Hand Weapons
 a - a +2 broad axe of protection (weapon)
 m - a +4 battleaxe
 A - the +10 zealot's sword {holy, *Rage rN+ EV+3}
   (You found it on level 4 of the Dungeon)

   It has been blessed by the Shining One to cause great damage to the undead
   and demons.
   Whenever the wielder enters a berserk rage, their allies are berserked
   alongside them.
   EV:        It affects your evasion (+3).
   rN:        It protects you from negative energy.
   *Rage:     It berserks you when you make melee attacks (+20% chance).
 D - a +0 war axe
Missiles
 b - 5 javelins (quivered)
 h - 8 boomerangs
 j - 103 arrows
 o - 37 poisoned darts
 y - 131 stones
 B - a throwing net
Armour
 c - a +0 buckler (worn)
 f - a +0 chain mail
 q - a +0 plate armour (worn)
Jewellery
 g - a ring of poison resistance
 s - a ring of wizardry (left hand)
 w - an amulet of the acrobat
 z - a +6 ring of strength
 F - a ring of resist corrosion
 G - a +6 ring of strength (right hand)
Wands
 u - a wand of flame (35)
 C - a wand of polymorph (1)
 E - a wand of iceblast (13)
Scrolls
 k - 2 scrolls of teleportation
 t - 2 scrolls of identify {@r1}
 H - 2 scrolls of fear
Potions
 d - a potion of might
 e - 5 potions of curing
 i - 2 potions of attraction
 l - 2 potions of cancellation
 p - a potion of heal wounds
 r - a potion of ambrosia {unknown}
 v - a potion of degeneration {unknown}
 x - 2 potions of flight {unknown}


   Skills:
 - Level 6.3 Fighting
 - Level 13.1 Axes
 + Level 5.8 Armour
 - Level 3.6 Shields
 - Level 8.3 Invocations


You had 9 spell levels left.
You didn't know any spells.
Your spell library contained the following spells:

 Spells                   Type           Power      Damage    Failure   Level
 Apportation              Tloc           0%         N/A       86%         1
 Magic Dart               Conj           0%         1d3       86%         1
 Pain                     Necr           0%         1d4       86%         1
 Sandblast                Erth           0%         2d4       86%         1
 Passwall                 Tmut/Erth      0%         N/A       94%         2
 Searing Ray              Conj           0%         2d4       94%         2
 Conjure Flame            Conj/Fire      0%         6-21      99%         3
 Ignite Poison            Fire/Tmut/Pois 0%         N/A       99%         3
 Stone Arrow              Conj/Erth      0%         3d7       99%         3
 Summon Guardian Golem    Hex/Summ       0%         N/A       99%         3
 Fulminant Prism          Conj/Hex       0%         3d6       100%        4
 Agony                    Necr           0%         N/A       100%        5
 Alistair's Intoxication  Tmut/Pois      0%         N/A       100%        5
 Excruciating Wounds      Necr           0%         N/A       100%        5
 Starburst                Conj/Fire      0%         6d3       100%        6
 Orb of Destruction       Conj           0%         N/A       100%        7
 Spellforged Servitor     Conj/Summ      0%         N/A       100%        7


Dungeon Overview and Level Annotations

Branches:
Dungeon (8/15)             Temple (1/1) D:4
   Lair: D:8-11

Altars:
Elyvilon
Kikubaaqudgha
Makhleb
Okawaru

Shops:
D:5 *   D:7 :?(=

Annotations:
D:4 2 transporters, Adrian566's ghost, amateur TrFi
D:8 Grum


Innate Abilities, Weirdness & Mutations

You have a pair of horns on your head.
You reflexively headbutt those who attack you in melee.


Message History

o - 37 poisoned darts (gained 17)
b - 5 javelins (gained 1)
There are no items here.
A wolf comes into view.
The wolf howls!
You hear an angry growl.
Things that are here:
a +1 shortbow of flaming; a centaur corpse The wolf bites you but does no damage.
You barely miss the wolf. Your headbutt misses the wolf.
The wolf bites you but does no damage.
You slash the wolf!
Your weapon exudes an aura of protection.
The wolf is severely wounded.
You block the wolf's attack. The wolf bites you but does no damage.
You hit the wolf. You headbutt the wolf.
You kill the wolf!
Makhleb accepts your kill.
You feel better.
A wolf comes into view.
The wolf howls!
Grum barely misses you.
You barely miss Grum. You headbutt Grum!
Grum is moderately wounded.
Grum hits you with a -1 glaive!
You barely miss Grum.
Grum is moderately wounded.
Grum hits you with a -1 glaive!
You slice Grum!!
Grum is almost dead.
Grum hits you with a -1 glaive!
* * * LOW HITPOINT WARNING * * *
You closely miss Grum.
Grum is almost dead.
Grum hits you with a -1 glaive!
* * * LOW HITPOINT WARNING * * *
You closely miss Grum. Your headbutt misses Grum.
Grum is almost dead.
Grum is momentarily distracted by a flea in his coat.
Grum hits you with a -1 glaive!!
You die...

##.#.#.#.# #....##.....,*
##.#.#.#,* ###......#**,*
##.#.#,*,* ##.###.#**,*
#..#.#,*,* #.#..,,,,,*
#.##,*,,,* #.#..,,,,,*
#.#*,***** #.#.#***,**
..#*,,,,,* #)#.# *,*
###*****,#########.#.####.#*
*,,,.....hg@..........*
****#########.##.#####*
#.#*,# #..,,* ####,* ***


You could see Grum and a wolf.

Vanquished Creatures
  A two-headed ogre (D:7)
  5 yaks (D:5)
  Menkaure (D:5)
  3 water moccasins
  2 orc warriors
  2 sky beasts (D:6)
  A necrophage (D:5)
  An ice beast (D:3)
  2 ogres (D:5)
  A wolf (D:8)
  2 centaurs
  2 phantoms
  A wyvern zombie (D:7)
  3 bullfrogs
  A scorpion (D:5)
  5 killer bees (D:8)
  8 wights
  2 bullfrog zombies
  3 jellies
  4 orc priests (D:8)
  A gnoll shaman (D:6)
  3 iguanas
  Terence (D:3)
  5 orc wizards
  A killer bee zombie (D:7)
  2 hound zombies (D:2)
  A hound skeleton (D:5)
  A howler monkey zombie (D:5)
  7 gnolls
  A howler monkey skeleton (D:5)
  3 adders
  2 white imps
  An adder skeleton (D:2)
  2 dart slugs
  29 orcs
  A bat zombie (D:5)
  13 endoplasms
  5 giant cockroaches
  7 goblins
  5 hobgoblins
  5 kobolds (D:3)
  4 quokkas
  5 ball pythons
  A ball python zombie (D:2)
  5 bats
  5 frilled lizards
  2 quokka zombies (D:2)
  4 rats
172 creatures vanquished.

Vanquished Creatures (others)
  An orc wizard (D:8)
  28 plants
29 creatures vanquished.

Grand Total: 201 creatures vanquished

Notes
Turn   | Place    | Note
-------+----------+-------------------------------------------
     0 | D:1      | dolemite99 the Minotaur Fighter began the quest for the
                  | Orb.
     0 | D:1      | Reached XP level 1. HP: 19/19 MP: 0/0
    89 | D:1      | Reached skill level 3 in Axes
   242 | D:1      | Reached XP level 2. HP: 26/26 MP: 1/1
   449 | D:1      | Reached skill level 4 in Axes
   484 | D:1      | Found a faded altar of an unknown god.
   498 | D:1      | Prayed at the altar of an unknown god.
   498 | D:1      | Became a worshipper of Makhleb the Destroyer
   498 | D:1      | Reached * piety under Makhleb
   673 | D:2      | Reached XP level 3. HP: 31/31 MP: 2/2
  1002 | D:2      | Found Uwiclatu's Magic Scroll Emporium.
  1082 | D:2      | Reached skill level 5 in Axes
  1261 | D:2      | Reached XP level 4. HP: 39/39 MP: 3/3
  1368 | D:3      | Noticed an ice beast
  1382 | D:3      | Killed an ice beast
  1383 | D:3      | Reached skill level 6 in Axes
  1383 | D:3      | Reached XP level 5. HP: 45/45 MP: 4/4
  1531 | D:3      | Noticed a phantom
  1537 | D:3      | Found a white marble altar of Elyvilon.
  1540 | D:3      | Killed a phantom
  1541 | D:3      | Reached skill level 7 in Axes
  1543 | D:3      | Reached ** piety under Makhleb
  2121 | D:3      | Noticed Terence
  2127 | D:3      | Killed Terence
  2128 | D:3      | Reached XP level 6. HP: 32/51 MP: 5/5
  2560 | D:3      | Reached skill level 8 in Axes
  3464 | D:4      | Found an iron altar of Okawaru.
  3557 | D:4      | Found a staircase to the Ecumenical Temple.
  3574 | D:4      | Found a transporter.
  3574 | D:4      | Noticed Adrian566's ghost (amateur TrFi)
  3579 | D:4      | Found a transporter.
  3622 | D:4      | Found the +10 zealot's sword {holy, *Rage rN+ EV+3}
  3924 | D:5      | Entered Level 5 of the Dungeon
  3935 | D:5      | Reached skill level 9 in Axes
  4110 | D:5      | Reached XP level 7. HP: 27/57 MP: 6/6
  4483 | D:5      | Found Gaofan's Mayhem Merchandise.
  4493 | D:5      | Bought a +0 broad axe for 44 gold pieces
  4493 | D:5      | Bought a wand of iceblast (7) for 121 gold pieces
  4507 | D:5      | Noticed a yak
  4520 | D:5      | Killed a yak
  4537 | D:5      | Reached skill level 10 in Axes
  4551 | D:5      | Noticed a yak
  4551 | D:5      | Noticed a yak
  4564 | D:5      | Noticed a yak
  4565 | D:5      | Noticed a yak
  4569 | D:5      | Killed a yak
  4570 | D:5      | Killed a yak
  4571 | D:5      | Reached skill level 11 in Axes
  4578 | D:5      | Killed a yak
  4579 | D:5      | Reached XP level 8. HP: 41/64 MP: 7/7
  4581 | D:5      | Reached skill level 12 in Axes
  5070 | D:5      | Noticed Menkaure
  5083 | D:5      | Killed Menkaure
  5539 | D:5      | Reached skill level 13 in Axes
  5593 | D:5      | Reached skill level 1 in Invocations
  5853 | Temple   | Entered the Ecumenical Temple
  5972 | D:5      | Got the Handbook of the Arsonist
  6036 | D:5      | Found an ancient bone altar of Kikubaaqudgha.
  7007 | D:6      | Reached XP level 9. HP: 70/70 MP: 9/11
  7503 | D:6      | Reached skill level 5 in Invocations
  7550 | D:6      | Reached *** piety under Makhleb
  7768 | D:7      | Found Zoubboob's Book Boutique.
  8323 | D:7      | Noticed a two-headed ogre
  8334 | D:7      | Killed a two-headed ogre
  8583 | D:7      | You fall into a shaft and drop 1 floor!
  8773 | D:7      | Found Zill's Weapon Emporium.
  8779 | D:7      | Bought 5 javelins for 40 gold pieces
  8791 | D:7      | Found Getaciefan's Jewellery Emporium.
  8910 | D:7      | Reached skill level 5 in Fighting
  8935 | D:7      | Found Tamedom's Magic Scroll Shop.
  9257 | D:7      | Bought a scroll of fear for 42 gold pieces
  9257 | D:7      | Bought a scroll of fear for 42 gold pieces
 10096 | D:8      | Reached **** piety under Makhleb
 10097 | D:8      | Reached XP level 10. HP: 68/83 MP: 15/15
 10335 | D:8      | Reached skill level 5 in Armour
 10758 | D:8      | Noticed Grum
 10779 | D:8      | Mangled by Grum

Illustrated notes

Levels and vault maps discovered:
D:1:      nicolae_arrival_washed_ashore, layout_rooms,
          ebering_ecumenical_altar_mist
D:2:      cheibrodos_old_hovel, layout_basic, serial_shops, shop, serial_undead,
          serial_undead_e, serial_undead_c, serial_undead_a, serial_undead_a,
          serial_undead_a, serial_undead_d, serial_undead_e
D:3:      minmay_chambers_of_twos, layout_basic, mainiacjoe_overflow_24_doors,
          minmay_misc_feat_room, kennysheep_generic_room_11, uniq_terence
D:4:      layout_basic, kennysheep_okawaru_gauntlet,
          minmay_temple_entry_drinking_statues, gammafunk_ghost_arena,
          portal_sewer_entry_d
D:5:      layout_loops_ring, lightli_temple_of_fire,
          lemuel_zombie_altar_kikubaaqudgha, nrook_campfire,
          kennysheep_decorative_pillar, minmay_misc_feat_more_columns,
          minmay_shop_mayhem, uniq_menkaure
D:6:      layout_loops_ring, serial_bayou_lake_a
D:7:      layout_loops_cross, serial_shops, shop, nicolae_shop_crystal,
          kennysheep_little_box, nicolae_shop_waterfront
D:8:      layout_basic, kennysheep_generic_room_8, uniq_grum, uniq_joseph,
          uniq_maggie
Temple:   hc_temple_tempest_star

Skill      XL: |  1  2  3  4  5  6  7  8  9 10 |
---------------+-------------------------------+-----
Axes           | 3 4 5 6 7 9 11 13 | 13.1
Invocations    | 4 8 |  8.3
Fighting       | 6 |  6.3
Armour         | 5 |  5.8
Shields        | |  3.6

Action                   |  1- 3 |  4- 6 |  7- 9 | 10-12 || total
-------------------------+-------+-------+-------+-------++-------
Melee: War axe           |    65 |   133 |    57 |       ||   255
       Headbutt          |     5 |    20 |    36 |     4 ||    65
       Broad axe         |       |       |   121 |    37 ||   158
Throw: Dart              |     3 |    44 |    51 |       ||    98
       Javelin           |       |       |     4 |     4 ||     8
Invok: Minor Destruction |       |       |    42 |     5 ||    47
  Use: Scroll            |       |     2 |    15 |       ||    17
       Potion            |       |     1 |     3 |     1 ||     5
Armor: Scale mail        |    22 |    53 |    11 |       ||    86
       Chain mail        |       |       |    36 |       ||    36
       Plate armour      |       |       |    12 |    16 ||    28
       Skin              |       |       |       |     7 ||     7
Dodge: Dodged            |    28 |    46 |    58 |    12 ||   144
Block: Buckler           |    12 |    30 |    28 |    11 ||    81

Table legend: (Time is in decaauts)
 A = Elapsed time spent in this place.
 B = Non-inter-level travel time spent in this place.
 C = Inter-level travel time spent in this place.
 D = Time resting spent in this place.
 E = Time spent auto-exploring this place.
 F = Levels seen in this place.
 G = Mean time per level.
                   A        B        C        D        E       F      G
               +--------+--------+--------+--------+--------+-----+--------+
         Total |  10815 |  10425 |    390 |   4270 |   4462 |   9 | 1201.7 |
       Dungeon |  10813 |  10423 |    390 |   4270 |   4462 |   8 | 1351.6 |
        Temple |      1 |      1 |      0 |      0 |      0 |   1 |    1.0 |
               +--------+--------+--------+--------+--------+-----+--------+

Top non-repeatable levels by time:
     D:5: 2472 daAuts
     D:7: 1822 daAuts
     D:3: 1638 daAuts
     D:8: 1281 daAuts
     D:6: 1202 daAuts
     D:4: 1031 daAuts
     D:2: 695 daAuts
     D:1: 669 daAuts
  Temple: 1 daAuts
